[Event "Titled Tuesday Blitz September 20 Late 2022"]
[White "Jobava, Baadur"]
[Black "Caruana, Fabiano"]
[WhiteFideId "13601520"]
[BlackFideId "2020009"]
[WhiteElo "2582"]
[BlackElo "2847"]
[Result "1/2-1/2"]
[Round "06"]
[TimeControl "180+1"]
[Date "2022.09.20"]
[WhiteClock "0:00:09"]
[BlackClock "0:00:17"]

1. e4 e5 2. Nf3 Nc6 3. d4 exd4 4. Nxd4 Nf6 5. Nxc6 bxc6 6. Bd3 d5 7. exd5 cxd5 8. O-O Be7 9. h3 O-O 10. Nd2 c5 11. b3 Bb7 12. Re1 h6 13. Bb2 d4 14. Nc4 Qd5 15. Bf1 Rfe8 16. Na5 Bd6 17. Nxb7 Qxb7 18. Rxe8+ Rxe8 19. c3 dxc3 20. Bxc3 Ne4 21. Qf3 Re7 22. Bb2 Qc7 23. Rd1 Bh2+ 24. Kh1 Be5 25. Bxe5 Qxe5 26. Bc4 g6 27. Kg1 Kg7 28. Qe3 Qc3 29. Re1 Qxe3 30. Rxe3 Kf6 31. Rf3+ Kg7 32. Re3 Kf6 33. Rf3+ Kg7 34. Rd3 g5 35. f3 Nf6 36. Rd6 Nd7 37. Rc6 h5 38. Kf2 h4 39. Rc7 Kf6 40. Rxa7 Ne5 41. Rxe7 Kxe7 42. Ke3 Ng6 43. Ke4 Nf4 44. Bf1 Ke6 45. Bc4+ Ke7 46. Kf5 f6 47. Bf1 Nd5 48. Ke4 Nc3+ 49. Kf5 Nxa2 50. f4 gxf4 51. Kxf4 Nc3 52. Kg4 Nd5 53. Bc4 Ne3+ 54. Kf3 Nc2 55. Kf4 f5 56. Kxf5 Ne3+ 57. Kg5 Nxg2 58. Bd5 Ne3 59. Be4 Nf1 60. Kxh4 Nd2 61. Bd5 Kf6 62. Kg3 Nxb3 63. Bxb3 c4 64. Bxc4 Kg7 65. h4 Kh8 66. h5 Kg7 67. h6+ Kxh6 1/2-1/2


[Site "https://www.chess.com"]

[Event "Titled Tuesday Blitz September 20 Late 2022"]
[White "Kamsky, Gata"]
[Black "Ceres, Dragos"]
[WhiteFideId "2000024"]
[BlackFideId "13905864"]
[WhiteElo "2666"]
[BlackElo "2150"]
[Result "1-0"]
[Round "06"]
[TimeControl "180+1"]
[Date "2022.09.20"]
[WhiteClock "0:01:29"]
[BlackClock "0:02:03"]

1. e4 c6 2. Nf3 d5 3. d3 g6 4. e5 Bg7 5. d4 f6 6. exf6 exf6 7. Bd3 Ne7 8. O-O O-O 9. h3 Bf5 10. Bf4 Bxd3 11. Qxd3 Re8 12. Nbd2 Nd7 13. Rfe1 Nf8 14. a4 Qd7 15. a5 Ne6 16. Bh2 a6 17. b4 Nf5 18. Nb3 Bf8 19. Nc5 Nxc5 20. bxc5 Re2 21. Qxe2 1-0


[Site "https://www.chess.com"]

[Event "Titled Tuesday Blitz September 20 Late 2022"]
[White "Korchmar, Vasiliy"]
[Black "Bok, Benjamin"]
[WhiteFideId "24131750"]
[BlackFideId "1017063"]
[WhiteElo "2370"]
[BlackElo "2658"]
[Result "0-1"]
[Round "06"]
[TimeControl "180+1"]
[Date "2022.09.20"]
[WhiteClock "0:00:04"]
[BlackClock "0:00:35"]

1. e4 c5 2. Nf3 d6 3. d4 cxd4 4. Nxd4 Nf6 5. Nc3 a6 6. f3 e5 7. Nb3 Be6 8. Be3 Be7 9. Qd2 O-O 10. O-O-O Nbd7 11. g4 b5 12. g5 Nh5 13. Ne2 Nb6 14. Ng3 Nf4 15. h4 Nc4 16. Bxc4 bxc4 17. Na5 Qc7 18. Bxf4 exf4 19. Nh5 Rfb8 20. Qc3 Bf8 21. Nxf4 Rb5 22. Nxe6 fxe6 23. Nxc4 Rc5 24. b3 d5 25. Qe5 dxc4 26. Qxe6+ Kh8 27. Rd7 Qf4+ 28. Kb1 cxb3 29. axb3 Rac8 30. Rhd1 Rxc2 31. Rf7 Qc1+ 32. Rxc1 Rxc1+ 0-1


[Site "https://www.chess.com"]

[Event "Titled Tuesday Blitz September 20 Late 2022"]
[White "Lin, Dachey"]
[Black "Xiong, Jeffery"]
[WhiteFideId "2029650"]
[BlackFideId "2047640"]
[WhiteElo "2313"]
[BlackElo "2714"]
[Result "0-1"]
[Round "06"]
[TimeControl "180+1"]
[Date "2022.09.20"]
[WhiteClock "0:00:03"]
[BlackClock "0:00:50"]

1. Nc3 c5 2. e4 Nc6 3. f4 g6 4. Nf3 Bg7 5. Bc4 d6 6. d3 Na5 7. O-O Nxc4 8. dxc4 Bxc3 9. bxc3 f5 10. e5 Nh6 11. exd6 Qxd6 12. Qe1 Nf7 13. Be3 Be6 14. Qe2 O-O-O 15. Rfe1 Qc6 16. Kh1 Rd6 17. Bf2 Rhd8 18. Qf1 b6 19. Re3 Qa4 20. Bh4 Bxc4 21. Qf2 Rd1+ 22. Re1 Rxa1 23. Rxa1 Rd7 24. Re1 e6 25. Bf6 Qxa2 26. Qh4 Bd5 27. Qxh7 Bxf3 28. gxf3 Qxc2 29. Qg8+ Kb7 30. Qe8 Qd3 31. Qxe6 Qxf3+ 32. Kg1 Qc6 33. Bg5 a5 34. Qxc6+ Kxc6 35. Re6+ Rd6 36. Re7 Nxg5 37. fxg5 a4 38. c4 b5 39. cxb5+ Kxb5 0-1


[Site "https://www.chess.com"]

[Event "Titled Tuesday Blitz September 20 Late 2022"]
[White "Martinez Alcantara, Jose Eduardo"]
[Black "Bazeev, German"]
[WhiteFideId "3805662"]
[BlackFideId "24119350"]
[WhiteElo "2703"]
[BlackElo "2493"]
[Result "1-0"]
[Round "06"]
[TimeControl "180+1"]
[Date "2022.09.20"]
[WhiteClock "0:00:09"]
[BlackClock "0:00:04"]

1. e4 c5 2. Nf3 Nf6 3. Nc3 Nc6 4. Bb5 e5 5. d3 d6 6. Bg5 Bg4 7. h3 Bh5 8. g4 Bg6 9. Bxf6 Qxf6 10. Nd5 Qd8 11. c3 Be7 12. Ba4 h5 13. Rg1 hxg4 14. hxg4 Qd7 15. Qd2 Rb8 16. Bb3 Na5 17. Bd1 Bd8 18. b4 cxb4 19. Nxb4 Nc6 20. Nd5 Ne7 21. Ne3 Bc7 22. Bb3 Ba5 23. Ke2 b5 24. Rh1 Rf8 25. Rac1 Rc8 26. Qb2 Bb6 27. Nf5 Kd8 28. Rhg1 Bh7 29. Nxg7 Ng6 30. Nh5 Qe7 31. Bd5 Rc5 32. c4 b4 33. Qxb4 Kc7 34. Rb1 Rb8 35. Qd2 Nf8 36. Qg5 Qd7 37. Rb2 Bg6 38. Rgb1 Ra5 39. Ng3 Nh7 40. Qh4 Ra3 41. Nf5 Nf8 42. Ne3 Ne6 43. Bxe6 fxe6 44. Qf6 Rg8 45. Nc2 Ra5 46. a3 Be8 47. Qh4 Rf8 48. Qg3 Qf7 49. Nce1 Rxa3 50. c5 dxc5 51. Qxe5+ Kc8 52. Rxb6 axb6 53. Rxb6 Qc7 54. Qxe6+ Bd7 55. Qd6 Qxd6 56. Rxd6 Kc7 57. Rd5 Ra2+ 58. Ke3 Bc6 59. Rxc5 Kb6 60. Rc3 Rfa8 61. Nd4 R2a6 1-0


[Site "https://www.chess.com"]

[Event "Titled Tuesday Blitz September 20 Late 2022"]
[White "Muradli, Mahammad"]
[Black "Lewtak, Damian"]
[WhiteFideId "13409301"]
[BlackFideId "1141724"]
[WhiteElo "2611"]
[BlackElo "2329"]
[Result "1-0"]
[Round "06"]
[TimeControl "180+1"]
[Date "2022.09.20"]
[WhiteClock "0:00:20"]
[BlackClock "0:00:05"]

1. Nf3 d5 2. e3 c6 3. c4 Nf6 4. b3 Bf5 5. Bb2 h6 6. d4 e6 7. Nbd2 Nbd7 8. Be2 Be7 9. O-O Bh7 10. Re1 O-O 11. a3 Re8 12. b4 a6 13. Rc1 Ne4 14. Nxe4 Bxe4 15. Nd2 Bg6 16. Bf3 Nb6 17. e4 Nxc4 18. Nxc4 dxc4 19. Rxc4 Bf6 20. Qb3 Qb6 21. a4 Rad8 22. a5 Qa7 23. Qe3 e5 24. Rd1 exd4 25. Bxd4 Bxd4 26. Rcxd4 Rxd4 27. Rxd4 f5 28. e5 Qb8 29. e6 f4 30. Rxf4 Qd6 31. Bg4 h5 32. Rd4 Qe7 33. Bd1 Kh7 34. Bb3 Bf5 35. h3 Qf6 36. Rd6 Re7 37. Kh2 h4 38. f4 g6 39. Bc4 Kg7 40. g4 hxg3+ 41. Kxg3 Kh7 42. Qe5 Kg7 43. h4 Qxe5 44. fxe5 Kh6 45. Kf4 Re8 46. Rd7 Bxe6 47. Bxe6 Rxe6 48. Rxb7 Re8 49. Rb6 Rf8+ 50. Ke4 Rf1 51. Rxc6 Rh1 52. Kd5 Rxh4 53. Rxa6 Rxb4 54. Rb6 Ra4 55. a6 Kg7 56. Rb7+ Kh6 57. a7 g5 58. e6 Ra5+ 59. Kc4 g4 60. e7 Ra4+ 61. Kb3 Rxa7 62. Rxa7 1-0


[Site "https://www.chess.com"]

[Event "Titled Tuesday Blitz September 20 Late 2022"]
[White "Naroditsky, Daniel"]
[Black "Perez Ponsa, Federico"]
[WhiteFideId "2026961"]
[BlackFideId "117927"]
[WhiteElo "2628"]
[BlackElo "2604"]
[Result "1-0"]
[Round "06"]
[TimeControl "180+1"]
[Date "2022.09.20"]
[WhiteClock "0:00:03"]
[BlackClock "0:00:01"]

1. e4 c5 2. Nf3 d6 3. Bb5+ Nd7 4. O-O a6 5. Bd3 Ngf6 6. Re1 e6 7. Bf1 Be7 8. c3 b5 9. d4 Bb7 10. Bd3 O-O 11. Nbd2 Rc8 12. Nf1 cxd4 13. cxd4 e5 14. Ng3 Re8 15. a4 bxa4 16. Qxa4 exd4 17. Qxd4 Nc5 18. Bc4 Ncxe4 19. Bxa6 Bxa6 20. Rxa6 d5 21. Be3 Bc5 22. Qd1 Bxe3 23. Rxe3 Rb8 24. b3 Nxf2 25. Rxe8+ Qxe8 26. Qe2 N2e4 27. Nd4 Qc8 28. Rc6 Qd7 29. Ngf5 Qa7 30. Ra6 Qc5 31. Rc6 Qa5 32. h3 g6 33. Ra6 Qc3 34. Ne7+ Kg7 35. Nec6 Qc1+ 36. Kh2 Qf4+ 37. Kg1 Re8 38. Ra1 Ng5 39. Qf2 Qd6 40. Rf1 Nge4 41. Qh4 Rc8 42. Rc1 Nd7 43. b4 Ne5 44. b5 Nxc6 45. bxc6 Qe5 46. Rd1 Ra8 47. Qg4 Ra1 48. Nc2 Rxd1+ 49. Qxd1 Qd6 50. Qd4+ f6 51. Nb4 Qc7 52. Nxd5 1-0


[Site "https://www.chess.com"]

[Event "Titled Tuesday Blitz September 20 Late 2022"]
[White "Nasuta, Grzegorz"]
[Black "Shuvalov, Evgenij"]
[WhiteFideId "1141686"]
[BlackFideId "4187237"]
[WhiteElo "2354"]
[BlackElo "2033"]
[Result "1-0"]
[Round "06"]
[TimeControl "180+1"]
[Date "2022.09.20"]
[WhiteClock "0:00:55"]
[BlackClock "0:01:17"]

1. e4 e6 2. d4 d5 3. Nc3 Bb4 4. exd5 exd5 5. Bd3 Nc6 6. a3 Bxc3+ 7. bxc3 Nge7 8. Qf3 Be6 9. Ne2 Qd7 10. Ng3 h5 11. Nxh5 O-O-O 12. h3 Bf5 13. O-O Rdg8 14. Re1 f6 15. a4 Bxd3 16. cxd3 Nf5 17. Qg4 Nd6 18. Qxd7+ Kxd7 19. Nf4 Ne7 20. Ba3 g5 21. Bxd6 Kxd6 22. Re6+ Kd7 23. Rae1 Rh7 24. Nh5 Rxh5 25. Rxe7+ Kc8 26. Rf7 g4 27. hxg4 Rh6 28. Ree7 1-0


[Site "https://www.chess.com"]

[Event "Titled Tuesday Blitz September 20 Late 2022"]
[White "Ozates, Tuna"]
[Black "Andreikin, Dmitry"]
[WhiteFideId "6354521"]
[BlackFideId "4158814"]
[WhiteElo "1887"]
[BlackElo "2736"]
[Result "0-1"]
[Round "06"]
[TimeControl "180+1"]
[Date "2022.09.20"]
[WhiteClock "0:00:37"]
[BlackClock "0:02:03"]

1. d4 Nf6 2. Bg5 g6 3. Bxf6 exf6 4. e3 d5 5. g3 f5 6. Bg2 c6 7. Nd2 Nd7 8. c4 dxc4 9. Nxc4 Bb4+ 10. Nd2 Nf6 11. a3 Bd6 12. Ne2 h5 13. h4 Ng4 14. Nc4 Bc7 15. d5 cxd5 16. Qxd5 O-O 17. Qxd8 Rxd8 18. Nd4 Rb8 19. Nb5 Be6 20. Rc1 Rbc8 21. Ke2 Bxg3 22. Na5 Bxf2 23. Nxb7 Bxe3 24. Nxd8 Rxd8 25. Rc2 Bb3 26. Rc3 Rd2+ 27. Kf3 Bd5+ 0-1


[Site "https://www.chess.com"]

[Event "Titled Tuesday Blitz September 20 Late 2022"]
[White "Papasimakopoulos, Alexandros"]
[Black "Cukrowski, Filip"]
[WhiteFideId "4244125"]
[BlackFideId "1171097"]
[WhiteElo "2357"]
[BlackElo "2093"]
[Result "1/2-1/2"]
[Round "06"]
[TimeControl "180+1"]
[Date "2022.09.20"]
[WhiteClock "0:01:36"]
[BlackClock "0:01:01"]

1. d4 Nf6 2. c4 e6 3. Nc3 d5 4. cxd5 exd5 5. Bg5 Bb4 6. Qa4+ Nc6 7. e3 h6 8. Bxf6 Qxf6 9. Bb5 Bxc3+ 10. bxc3 Bd7 11. Nf3 a6 12. Qa3 Qe7 13. Qxe7+ Kxe7 14. Bxc6 Bxc6 15. Ne5 Be8 16. Kd2 f6 17. Nd3 Bb5 18. a4 Bxd3 19. Kxd3 b5 20. Rhb1 c6 21. Rb2 Rhb8 22. axb5 axb5 23. Rba2 Rxa2 24. Rxa2 Rb7 25. Kc2 Kd6 26. g4 f5 27. h3 fxg4 28. hxg4 g5 29. Kd3 Rf7 30. Ke2 Rh7 31. Ra8 Rf7 32. Rg8 Rf6 33. Rc8 Kd7 34. Rh8 Kd6 35. f3 Kd7 36. Rh7+ Kd6 37. e4 dxe4 38. fxe4 Rf4 39. Rxh6+ Kc7 40. Rh7+ Kb6 41. e5 Rxg4 42. Kf3 Rg1 43. Kf2 Rg4 44. Rh6 Kc7 45. Rh3 b4 46. Ke3 bxc3 47. Kd3 Rh4 48. Rg3 g4 49. Rg1 c5 50. Kxc3 cxd4+ 51. Kxd4 g3+ 52. Ke3 Rg4 53. Kf3 Rg8 54. Kf4 g2 55. Kf3 Kd7 56. Rxg2 Rxg2 57. Kxg2 Ke6 58. Kf3 Kxe5 1/2-1/2


[Site "https://www.chess.com"]

[Event "Titled Tuesday Blitz September 20 Late 2022"]
[White "Paravyan, David"]
[Black "Vlassov, Nikolai"]
[WhiteFideId "4194985"]
[BlackFideId "4103360"]
[WhiteElo "2555"]
[BlackElo "2324"]
[Result "1-0"]
[Round "06"]
[TimeControl "180+1"]
[Date "2022.09.20"]
[WhiteClock "0:00:18"]
[BlackClock "0:00:11"]

1. e4 c5 2. Nf3 d6 3. d4 cxd4 4. Nxd4 Nf6 5. Nc3 g6 6. Be3 a6 7. f3 Nbd7 8. Bd3 Qc7 9. Qe2 Bg7 10. a3 Ne5 11. O-O-O b5 12. g4 h6 13. h4 Bb7 14. Kb1 Rc8 15. g5 Nfd7 16. gxh6 Bxh6 17. h5 Nxd3 18. cxd3 Bxe3 19. Qxe3 gxh5 20. Nf5 Nf6 21. Rc1 Qa5 22. Qd4 Rc6 23. Ng7+ Kf8 24. Nf5 Qb6 25. Qxb6 Rxb6 26. Ne2 e6 27. Nfd4 Ne8 28. Rh4 Ke7 29. Rch1 Ng7 30. Rg1 Kf6 31. f4 e5 32. Nf3 Ne6 33. Rgh1 Nxf4 34. Nxf4 exf4 35. Rxh5 Rxh5 36. Rxh5 Bc8 37. Rh4 Ke7 38. Rxf4 d5 39. e5 Rh6 40. Kc2 Rh1 41. Nd4 Be6 42. Rf2 Re1 43. Kd2 Rb1 44. Kc3 Rc1+ 45. Kb4 Kd7 46. Ka5 Rd1 47. Rf3 Re1 48. Kxa6 b4 49. axb4 Rxe5 50. b5 Rh5 51. b6 Rh4 52. b7 Rxd4 53. b8=Q Ra4+ 54. Kb5 Ra2 55. Qb7+ Kd6 56. Qb6+ Ke5 57. Qc7+ Kd4 58. Qc3# 1-0


[Site "https://www.chess.com"]

[Event "Titled Tuesday Blitz September 20 Late 2022"]
[White "Riehle, Marco"]
[Black "Melkumyan, Hrant"]
[WhiteFideId "12904392"]
[BlackFideId "13302485"]
[WhiteElo "2462"]
[BlackElo "2604"]
[Result "0-1"]
[Round "06"]
[TimeControl "180+1"]
[Date "2022.09.20"]
[WhiteClock "0:01:46"]
[BlackClock "0:01:46"]

1. e4 c6 2. c4 d5 3. cxd5 cxd5 4. exd5 Nf6 5. Nc3 g6 6. Bc4 Bg7 7. Nf3 O-O 8. O-O Nbd7 9. d3 a6 10. a4 b6 11. Re1 Bb7 12. Bg5 Rc8 13. h3 Nc5 14. b4 Ncd7 15. Qb3 h6 16. Bh4 g5 17. Bg3 Nh5 18. Be5 Nxe5 19. Nxe5 Nf4 20. Rad1 Qd6 21. Nc6 Bxc6 22. dxc6 Bxc3 23. Qxc3 Qxc6 24. f3 b5 25. axb5 axb5 26. Bxf7+ Rxf7 27. Qe5 Qd6 28. Qxb5 Rc2 29. Qe8+ Kg7 0-1


[Site "https://www.chess.com"]

[Event "Titled Tuesday Blitz September 20 Late 2022"]
[White "Rychagov, Andrey"]
[Black "Tari, Aryan"]
[WhiteFideId "4119932"]
[BlackFideId "1510045"]
[WhiteElo "2431"]
[BlackElo "2612"]
[Result "1/2-1/2"]
[Round "06"]
[TimeControl "180+1"]
[Date "2022.09.20"]
[WhiteClock "0:00:05"]
[BlackClock "0:00:03"]

1. d4 d5 2. c4 e6 3. Nf3 Nf6 4. Nc3 h6 5. e3 Bb4 6. Qa4+ Nc6 7. Bd2 O-O 8. Rd1 Re8 9. Qc2 Bf8 10. Be2 e5 11. dxe5 Nxe5 12. cxd5 Nxd5 13. O-O Nb4 14. Qb1 c6 15. a3 Nxf3+ 16. Bxf3 Na6 17. Ne2 Nc5 18. Bc3 Qg5 19. Ng3 Be6 20. b4 Na4 21. Bd4 Nb6 22. Ne4 Qb5 23. Nc5 Bc4 24. Rfe1 Na4 25. Nxa4 Qxa4 26. Rc1 Be6 27. Qb2 a5 28. Bc5 axb4 29. axb4 Qa2 30. Qxa2 Rxa2 31. Ra1 Rea8 32. Rxa2 Rxa2 33. Rb1 Bxc5 34. bxc5 Rc2 35. h3 Bc8 36. Bxc6 bxc6 37. Rb8 Rxc5 38. Rxc8+ Kh7 39. g4 h5 40. Kg2 h4 41. Rc7 Kg6 42. f4 f6 43. Kf3 Rc1 44. Rc8 Kh7 45. f5 c5 46. e4 c4 47. e5 fxe5 48. g5 Rg1 49. g6+ Kh6 50. Rxc4 Rg3+ 51. Ke4 Kg5 52. Kxe5 Re3+ 53. Re4 Rxh3 54. Ke6 Rf3 55. Kf7 h3 56. Kxg7 Rxf5 57. Re1 Ra5 58. Rg1+ Kh4 59. Kh7 Rh5+ 60. Kg8 h2 61. Rh1 Kg3 62. g7 Kg2 63. Rxh2+ Kxh2 64. Kf7 Rh7 65. Kg6 Rh3 66. g8=Q Rg3+ 67. Kf7 Rxg8 68. Kxg8 1/2-1/2


[Site "https://www.chess.com"]

[Event "Titled Tuesday Blitz September 20 Late 2022"]
[White "Salem, A.R. Saleh"]
[Black "Sokolovsky, Yahli"]
[WhiteFideId "9301348"]
[BlackFideId "2820242"]
[WhiteElo "2628"]
[BlackElo "1920"]
[Result "0-1"]
[Round "06"]
[TimeControl "180+1"]
[Date "2022.09.20"]
[WhiteClock "0:00:14"]
[BlackClock "0:00:27"]

1. d4 d6 2. e4 g6 3. h4 Nf6 4. Nc3 Bg7 5. h5 gxh5 6. Bg5 Nc6 7. Bb5 Bd7 8. Nge2 a6 9. Bxc6 Bxc6 10. Qd3 Qd7 11. O-O-O Qg4 12. f4 h6 13. Rh4 Qd7 14. Bxf6 Bxf6 15. Rxh5 Qg4 16. Rdh1 O-O-O 17. Qf3 Rdg8 18. Qxg4+ Rxg4 19. g3 Bg7 20. Kd2 e6 21. R1h2 Be8 22. R5h3 f5 23. e5 c5 24. dxc5 dxe5 25. Rh4 Rxh4 26. Rxh4 Bc6 27. Ke3 h5 28. b4 Bf6 29. Rh2 h4 30. gxh4 exf4+ 31. Kxf4 Bxh4 32. Rh3 Bg5+ 33. Kg3 f4+ 34. Kg4 Rxh3 35. Kxh3 f3 36. Nd4 f2 0-1


[Site "https://www.chess.com"]

[Event "Titled Tuesday Blitz September 20 Late 2022"]
[White "Shimanov, Aleksandr"]
[Black "Livaic, Leon"]
[WhiteFideId "4198603"]
[BlackFideId "14531534"]
[WhiteElo "2605"]
[BlackElo "2540"]
[Result "1/2-1/2"]
[Round "06"]
[TimeControl "180+1"]
[Date "2022.09.20"]
[WhiteClock "0:00:12"]
[BlackClock "0:00:19"]

1. e4 e6 2. d4 d5 3. Nc3 Bb4 4. Ne2 dxe4 5. a3 Bxc3+ 6. Nxc3 Nc6 7. Bf4 Nf6 8. Bb5 Bd7 9. Bg5 a6 10. Ba4 h6 11. Bh4 g5 12. Bg3 Ne7 13. Be5 Ng6 14. Bxd7+ Kxd7 15. O-O Ke8 16. Qe1 Rg8 17. Rd1 c6 18. Bxf6 Qxf6 19. Nxe4 Qe7 20. c4 f5 21. Nc5 Kf7 22. Qc3 b6 23. Nd3 Rad8 24. Rfe1 Qf6 25. Nb4 c5 26. Nc6 Rd6 27. Ne5+ Kg7 28. Nxg6 Kxg6 29. dxc5 Rxd1 30. Rxd1 Qxc3 31. bxc3 bxc5 32. Rd6 Kf6 33. Rxa6 Rb8 34. g3 Rb3 35. a4 Rxc3 36. Rc6 Rxc4 37. a5 g4 38. a6 Ra4 39. Rxc5 Rxa6 40. Kg2 h5 41. h3 Ra2 42. hxg4 hxg4 43. Rb5 Rd2 44. Rc5 Rd5 45. Rc6 Ke5 46. Rb6 Rd6 47. Rb5+ Ke4 48. Rb4+ Rd4 49. Rb6 e5 50. Re6 Rd2 51. Re8 Rd5 52. Re7 Kd4 53. Re8 Rd6 54. Re7 Kd5 55. Re8 Re6 56. Rf8 Ke4 57. Ra8 f4 58. gxf4 exf4 59. f3+ gxf3+ 60. Kf2 Kf5 61. Rf8+ Ke4 62. Ra8 Re5 63. Ra7 Rb5 64. Ra4+ Kf5 65. Ra8 Rb2+ 66. Kxf3 Rb3+ 67. Kf2 Ke4 68. Re8+ Kd3 69. Kf3 Rb1 70. Kxf4 Rf1+ 71. Kg5 1/2-1/2


[Site "https://www.chess.com"]

[Event "Titled Tuesday Blitz September 20 Late 2022"]
[White "Sjugirov, Sanan"]
[Black "Rustemov, Alexander"]
[WhiteFideId "4189302"]
[BlackFideId "4119002"]
[WhiteElo "2609"]
[BlackElo "2855"]
[Result "1-0"]
[Round "06"]
[TimeControl "180+1"]
[Date "2022.09.20"]
[WhiteClock "0:00:16"]
[BlackClock "0:00:06"]

1. e4 e6 2. d4 d5 3. Nc3 Bb4 4. e5 c5 5. Bd2 Ne7 6. a3 Bxc3 7. Bxc3 b6 8. Nf3 Ba6 9. Bxa6 Nxa6 10. h4 Nb8 11. h5 h6 12. Bd2 Nbc6 13. c3 Qc7 14. Rh4 Nf5 15. Rf4 Rc8 16. Kf1 Na5 17. Kg1 Nc4 18. Bc1 cxd4 19. cxd4 Na5 20. Bd2 Qc2 21. Qxc2 Rxc2 22. Bc3 Nb3 23. Rd1 O-O 24. g4 Ne7 25. Ne1 Rc1 26. Rxc1 Nxc1 27. Kf1 Rc8 28. Rf3 Na2 29. Bd2 Nc6 30. Rd3 a5 31. Ke2 b5 32. Kd1 b4 33. a4 b3 34. Nf3 Rb8 35. Be3 Kf8 36. Nd2 Ncb4 37. Rxb3 Rc8 38. Nb1 Ke7 39. Nc3 Rc7 40. Nxa2 Nxa2 41. Bd2 Rc4 42. Rb7+ Ke8 43. Rb8+ Ke7 44. Rb7+ Ke8 45. b3 Rxd4 46. Ke2 Nb4 47. f3 Nc6 48. Bc3 Rf4 49. Ke3 d4+ 50. Kxf4 dxc3 51. Ke3 Nb4 52. Rb8+ Kd7 53. Rb7+ Kc6 54. Rxf7 Kd5 55. Rc7 Nc6 56. Kd3 c2 57. Kxc2 Nd4+ 58. Kc3 Nxf3 59. Ra7 Nxe5 60. Rxa5+ Ke4 61. Rxe5+ Kxe5 62. a5 Kf4 63. b4 e5 64. Kd2 Kf3 65. Ke1 e4 66. a6 Kxg4 67. a7 Kxh5 68. a8=Q Kg4 69. Qxe4+ Kg3 70. Qe3+ Kg4 71. Qf2 g5 72. b5 h5 73. b6 h4 74. b7 Kh5 75. b8=Q g4 76. Qe5+ Kg6 77. Qff6+ Kh7 78. Qee7+ Kg8 79. Qff8# 1-0


[Site "https://www.chess.com"]

[Event "Titled Tuesday Blitz September 20 Late 2022"]
[White "Svane, Rasmus"]
[Black "Preotu, Razvan"]
[WhiteFideId "4657101"]
[BlackFideId "2613280"]
[WhiteElo "2674"]
[BlackElo "2407"]
[Result "1/2-1/2"]
[Round "06"]
[TimeControl "180+1"]
[Date "2022.09.20"]
[WhiteClock "0:00:13"]
[BlackClock "0:00:16"]

1. Nf3 c5 2. c4 Nc6 3. Nc3 g6 4. e3 Nf6 5. d4 cxd4 6. exd4 d5 7. cxd5 Nxd5 8. Qb3 Nxc3 9. Bc4 Nd5 10. Bxd5 e6 11. Bxc6+ bxc6 12. O-O Qd5 13. Be3 f6 14. Rfc1 Kf7 15. Nd2 g5 16. f3 h5 17. Rc3 a5 18. Rac1 a4 19. Qb6 Ra6 20. Qc7+ Be7 21. Ne4 Qd7 22. Rxc6 Rxc6 23. Rxc6 Qxc7 24. Rxc7 Rd8 25. Nc5 a3 26. bxa3 Kf8 27. a4 Bxc5 28. Rxc5 Bd7 29. a5 Rc8 30. d5 Rxc5 31. Bxc5+ Kf7 32. d6 e5 33. a6 Ke6 34. a7 Bc6 35. Kf2 h4 36. g3 hxg3+ 37. hxg3 e4 38. fxe4 Bxe4 39. Ke3 Bc6 40. a4 f5 41. Bb4 Kd7 42. Ba3 Bb7 43. a5 Ba8 44. Bb4 Bb7 45. Kd4 f4 46. gxf4 gxf4 47. Kc5 f3 48. Be1 Ba8 49. Bg3 Be4 50. Kb6 Ba8 51. Ka6 Be4 52. a8=Q Bxa8 53. Ka7 Be4 54. a6 f2 55. Bxf2 Kxd6 56. Kb6 Kd7 57. a7 Bf3 58. Be3 Ba8 59. Ka6 Bc6 60. Ka5 Ba8 61. Kb4 Bc6 62. Kc3 Kc8 63. Kd2 Kb7 64. Ke1 Ka8 65. Kf2 Bb7 66. Kg3 Bc8 67. Kf4 Bb7 68. Ke5 Bc8 69. Kd6 Bb7 70. Kc7 Bg2 1/2-1/2


[Site "https://www.chess.com"]

[Event "Titled Tuesday Blitz September 20 Late 2022"]
[White "Tanenbaum, Zachary"]
[Black "Terry, Renato"]
[WhiteFideId "2060850"]
[BlackFideId "3803457"]
[WhiteElo "2175"]
[BlackElo "2577"]
[Result "0-1"]
[Round "06"]
[TimeControl "180+1"]
[Date "2022.09.20"]
[WhiteClock "0:00:10"]
[BlackClock "0:01:04"]

1. e4 e6 2. d4 d5 3. Nc3 Nf6 4. Bg5 Bb4 5. e5 h6 6. Bd2 Bxc3 7. bxc3 Ne4 8. Qg4 g6 9. Bd3 Nxd2 10. Kxd2 c5 11. Nf3 Nc6 12. Qf4 cxd4 13. Nxd4 Qg5 14. Qxg5 hxg5 15. Nxc6 bxc6 16. h3 Rh4 17. g4 Rb8 18. Rab1 Rb6 19. a4 Kd7 20. a5 Rxb1 21. Rxb1 Rxh3 22. Rb8 Kc7 23. Rb1 c5 24. Bb5 Rf3 25. Ke2 Rxc3 26. Be8 Rxc2+ 27. Ke1 Rc4 28. Bxf7 Rxg4 29. Kd2 Rd4+ 30. Kc3 Rf4 31. Bxg6 Rf3+ 32. Kd2 Rxf2+ 33. Ke3 Ra2 34. Rg1 Ra3+ 35. Kd2 c4 36. Rxg5 Kc6 37. Bc2 d4 38. Rg4 Kd5 39. Rg8 Ba6 40. Rd8+ Kxe5 41. Rd7 c3+ 0-1


[Site "https://www.chess.com"]

[Event "Titled Tuesday Blitz September 20 Late 2022"]
[White "Timmermans, Mark"]
[Black "Aggelis, Nikolaos"]
[WhiteFideId "1026399"]
[BlackFideId "4213220"]
[WhiteElo "2460"]
[BlackElo "2154"]
[Result "1-0"]
[Round "06"]
[TimeControl "180+1"]
[Date "2022.09.20"]
[WhiteClock "0:00:07"]
[BlackClock "0:00:03"]

1. Nf3 d5 2. c4 d4 3. b4 a5 4. b5 c5 5. e3 f6 6. exd4 cxd4 7. Bd3 e5 8. O-O Be6 9. Re1 Bc5 10. Nxe5 fxe5 11. Rxe5 Qd6 12. Qh5+ g6 13. Bxg6+ Kd7 14. Be8+ Kd8 15. Rxc5 Nf6 16. Qg5 Rxe8 17. Qxf6+ Kd7 18. Re5 Qe7 19. Qxe7+ Kxe7 20. d3 Nd7 21. Bg5+ Kd6 22. Re1 Bf5 23. Na3 Bxd3 24. Red1 Nc5 25. Bf4+ Kd7 26. Rd2 Re2 27. Rad1 Rxd2 28. Rxd2 Re8 29. f3 Re2 30. Rxe2 Bxe2 31. Kf2 d3 32. Ke3 Ne6 33. Be5 Nc5 34. f4 Ke6 35. h3 h5 36. g3 Kf5 37. Bd4 Ne4 38. Nb1 Nxg3 39. Nd2 Nf1+ 40. Nxf1 Bxf1 41. Kd2 Bxh3 42. c5 Kxf4 43. c6 bxc6 44. bxc6 Bc8 45. Kxd3 h4 46. Bc5 h3 47. Bd6+ Kf5 48. Kd4 Ke6 49. Kc5 Ba6 50. Bh2 Bc8 51. a4 Ke7 52. Kb5 Kd8 53. Kxa5 Ke7 54. Kb6 Kd8 55. a5 Ke7 56. a6 Bf5 57. a7 Kd8 58. a8=Q+ Ke7 59. Qb7+ 1-0


[Site "https://www.chess.com"]

[Event "Titled Tuesday Blitz September 20 Late 2022"]
[White "Vasquez Schroeder, Rodrigo"]
[Black "Maksimovic, Bojan"]
[WhiteFideId "3400042"]
[BlackFideId "14408120"]
[WhiteElo "2577"]
[BlackElo "2447"]
[Result "1-0"]
[Round "06"]
[TimeControl "180+1"]
[Date "2022.09.20"]
[WhiteClock "0:00:21"]
[BlackClock "0:00:02"]

1. d4 Nf6 2. Nf3 g6 3. c4 Bg7 4. g3 O-O 5. Bg2 d6 6. O-O Nc6 7. Nc3 Bg4 8. d5 Na5 9. Nd2 c5 10. Qc2 a6 11. a4 e5 12. h3 Bf5 13. e4 Bd7 14. b3 Rb8 15. Re1 Nh5 16. Bb2 f5 17. exf5 gxf5 18. Ne2 Kh8 19. Bc3 b6 20. Kh2 Rg8 21. Rg1 Qc7 22. f4 Rbe8 23. Raf1 e4 24. Rc1 Bc8 25. Nf1 Bxc3 26. Qxc3+ Qg7 27. Ne3 Re7 28. Bf1 Qxc3 29. Rxc3 Reg7 30. Nd1 Nf6 31. Re3 Bd7 32. Nc1 h5 33. Rg2 h4 34. gxh4 Rxg2+ 35. Bxg2 Nh5 36. Ne2 b5 37. axb5 axb5 38. Nb2 bxc4 39. Nxc4 Nxc4 40. bxc4 Rb8 41. Bf1 Rb2 42. Kg1 Kg7 43. Ra3 Kf6 44. Ra7 Ke7 45. Ra8 Rc2 46. Rh8 Nf6 47. Ng3 e3 48. Ra8 Ne4 49. Bd3 Rd2 50. Bxe4 fxe4 51. Ra3 e2 52. Kf2 Bxh3 53. Re3 Bg4 54. Rxe4+ Kf6 55. f5 1-0


[Site "https://www.chess.com"]